 Dungeon Crawl Stone Soup version 0.14-a0-1626-g054e7ae (webtiles) character file.

2470 PolkaDot the Jinx (level 9, -5/57 HPs)
             Began as a Vampire Enchanter on Dec 25, 2013.
             Was a Follower of Ashenzari.
             Slain by an ogre
             ... wielding a +0,+0 giant club
              (25 damage)
             ... on Level 7 of the Dungeon.
             The game lasted 00:30:53 (6380 turns).

PolkaDot the Jinx (Vampire Enchanter)               Turns: 6380, Time: 00:30:53

HP  -5/57        AC  4     Str  7      XL: 9   Next: 22%
MP  11/18        EV 12     Int 18      God: Ashenzari [*.....]
Gold 77          SH  8     Dex 19      Spells:  5 memorised,  1 level left

rFire  . . .     SeeInvis +     a - +1 dagger (curse)
rCold  + + +     Clarity  +     b - +1 robe (curse)
rNeg   + + +     Conserve .     x - +0 buckler (curse)
rPois  +         rCorr    .     (no helmet)
rElec  .         rRot     +     p - +0 cloak (curse)
SustAb . .       Spirit   .     (no gloves)
rMut   .         Warding  .     (no boots)
Saprov . . .     Stasis   .     f - cursed amulet of clarity
                                z - cursed +3 ring of dexterity
                                r - cursed ring of protection from cold

@: regenerating slowly, somewhat resistant to hostile enchantments, extremely
stealthy
A: bottle blood, fangs 3, see invisible, unbreathing
a: Bat Form, Bottle Blood, Renounce Religion


You were on level 7 of the Dungeon.
You worshipped Ashenzari.
Ashenzari was aware of your devotion.
You were near bloodless.

You visited 2 branches of the dungeon, and saw 8 of its levels.

You collected 238 gold pieces.
You spent 161 gold pieces at shops.

Inventory:

Hand weapons
 a - a cursed +1,+1 dagger (weapon)
Missiles
 d - 12 darts (quivered)
Armour
 b - a cursed +1 robe (worn)
 p - a cursed +0 cloak (worn)
 x - a cursed +0 buckler (worn)
Magical devices
 e - a wand of flame (12)
 h - a wand of paralysis (9)
 s - a wand of frost (8)
Scrolls
 i - 6 scrolls of enchant weapon I
 j - a scroll of teleportation {unknown}
 k - 2 scrolls of curse weapon
 l - a scroll of immolation {unknown}
 n - 3 scrolls of fog
 o - 2 scrolls of fear {unknown}
 q - a scroll of blinking
 t - a scroll of amnesia {unknown}
 w - 2 scrolls of identify
 y - a scroll of recharging {unknown}
 A - a scroll of acquirement {unknown}
 B - a scroll of remove curse
Jewellery
 f - a cursed amulet of clarity (around neck)
 r - a cursed ring of protection from cold (left hand)
 z - a cursed +3 ring of dexterity (right hand)
Potions
 g - 2 potions of lignification
 m - 2 potions of restore abilities
 u - 6 potions of curing
 v - 3 potions of brilliance
Books
 c - a book of Maledictions

   Spells                             Type                      Level
   *Corona                            Hexes                        1
   *Sure Blade                        Hexes/Charms                 2
   *Ensorcelled Hibernation           Hexes/Ice                    2
   *Confuse                           Hexes                        3
   Enslavement                        Hexes                        4
   *Invisibility                      Hexes                        6


   Skills:
 - Level 2.1 Short Blades
 - Level 0.7 Throwing
 - Level 2.1 Dodging
 + Level 10.1 Stealth
 - Level 3.6 Spellcasting
 * Level 12.7 Hexes
 + Level 4.7 Ice Magic


You had one spell level left.
You knew the following spells:

 Your Spells              Type           Power        Failure   Level  Hunger
a - Corona                Hex            #####..      1%          1    None
b - Sure Blade            Hex/Chrm       ####......   1%          2    ##.....
c - Confuse               Hex            #####...     1%          3    ###....
d - Ensorcelled Hibernat  Hex/Ice        ####..       1%          2    ##.....
i - Invisibility          Hex            #####...     17%         6    #######


Dungeon Overview and Level Annotations

Branches:
Dungeon (7/16)             Temple (1/1) D:4

Altars:
Ashenzari
Cheibriados
Fedhas
Kikubaaqudgha
Makhleb
Nemelex Xobeh
Okawaru
Sif Muna
Trog
Vehumet
Xom
Yredelemnul
Zin
the Shining One

Shops:
D:5 =[=


Innate Abilities, Weirdness & Mutations

You heal slowly.
You can bottle blood from corpses.
You have razor-sharp teeth.*
You have supernaturally acute eyesight.
You can survive without breathing.*


Message History

Casting: Ensorcelled Hibernation
Confirm with . or Enter, or press ? or * to list all spells.
Aiming: Ensorcelled Hibernation
Press: ? - help, Shift-Dir - straight line, f - centaur
Aim: a centaur, wielding a bow The centaur looks drowsy...
The ogre hits you with a giant club!
* * * LOW HITPOINT WARNING * * *
The helpless centaur fails to defend itself.
You bite the centaur, and draw its blood!
You feel better.
You feel slightly less thirsty.
You chop the centaur into pieces!!!
You kill the centaur!
Casting: Ensorcelled Hibernation
Confirm with . or Enter, or press ? or * to list all spells.
Aiming: Ensorcelled Hibernation
Press: ? - help, Shift-Dir - straight line, f - ogre
Aim: an ogre, wielding a giant club The ogre resists with significant effort.
The ogre hits you with a giant club!
You die...

#.# #.##### #.# #.# #.#
#.# #c##########?######
#.#..........##...#
#O#.#######.......##
#.#................# #
#.######O##.......##.#.#
#.......)@..###.........
#######.##..###....#.#.#
#.##..##.........#
#.#.........#..#.
#.#.........# ...
#.#...#####.# #. #.#...#
..(. #.#...####..#..
##.#...##.#..#.


You could see an ogre.

Vanquished Creatures
  Pikel (D:6)
  Grinder (D:4)
  Eustachio (D:6)
  A hungry ghost (D:5)
  Menkaure (D:6)
  2 slaves (D:5)
  A phantom (D:6)
  A centaur (D:7)
  A water moccasin (D:5)
  2 ogres
  Duvessa (D:6)
  A goliath beetle (D:6)
  A jelly (D:7)
  Dowan (D:6)
  3 orc priests
  3 crimson imps
  A centaur skeleton (D:6)
  2 scorpions
  4 hounds
  3 orc wizards
  An iguana (D:5)
  2 worker ants
  Ijyb (D:4)
  A worm zombie (D:5)
  4 adders
  4 gnolls (D:4)
  3 worms
  An iguana zombie (D:6)
  11 orcs
  A bat skeleton (D:5)
  A bat zombie (D:7)
  5 hobgoblins
  14 jackals
  4 quokkas
  2 ball pythons (D:2)
  12 bats
  4 giant cockroaches
  6 giant newts
  A gnoll skeleton (D:5)
  15 goblins
  8 kobolds
  A quokka skeleton (D:5)
  9 rats
143 creatures vanquished.

Vanquished Creatures (others)
  A slave (D:6)
  A crimson imp (D:6)
2 creatures vanquished.

Grand Total: 145 creatures vanquished

Notes
Turn   | Place    | Note
--------------------------------------------------------------
     0 | D:1      | PolkaDot, the Vampire Enchanter, began the quest for the Orb.
     0 | D:1      | Reached XP level 1. HP: 13/13 MP: 3/3
   334 | D:1      | Found a sparkling altar of Nemelex Xobeh.
   482 | D:1      | Reached skill level 5 in Hexes
   519 | D:1      | Reached XP level 2. HP: 8/19 MP: 2/4
  1287 | D:2      | Reached XP level 3. HP: 24/24 MP: 6/6
  1462 | D:2      | HP: 1/24 [poisoned by an adder]
  1575 | D:2      | Learned a level 3 spell: Confuse
  2078 | D:3      | Reached XP level 4. HP: 30/30 MP: 7/7
  2206 | D:3      | Reached skill level 6 in Hexes
  2224 | D:3      | Reached XP level 5. HP: 26/35 MP: 4/9
  2274 | D:3      | Found a basalt altar of Yredelemnul.
  2684 | D:4      | Found a staircase to the Ecumenical Temple.
  2700 | Temple   | Entered the Ecumenical Temple
  2805 | Temple   | Became a worshipper of Ashenzari the Shackled
  2865 | D:4      | Reached skill level 7 in Hexes
  3007 | D:4      | Reached skill level 5 in Stealth
  3048 | D:4      | HP: 1/35 [poisoned by a scorpion]
  3090 | D:4      | Noticed an ogre
  3130 | D:4      | Noticed Grinder
  3130 | D:4      | Paralysed by Grinder for 3 turns
  3136 | D:4      | Paralysed by Grinder for 2 turns
  3153 | D:4      | Killed Grinder
  3153 | D:4      | Reached skill level 8 in Hexes
  3153 | D:4      | Reached XP level 6. HP: 35/41 MP: 9/13
  3163 | D:4      | Learned a level 6 spell: Invisibility
  3561 | D:4      | Killed an ogre
  3561 | D:4      | Reached XP level 7. HP: 46/46 MP: 15/15
  3582 | D:4      | Learned a level 2 spell: Ensorcelled Hibernation
  3791 | D:4      | Noticed Ijyb
  3795 | D:4      | Killed Ijyb
  3902 | D:4      | Reached skill level 9 in Hexes
  4170 | D:4      | Reached skill level 1 in Ice Magic
  4318 | D:5      | Entered Level 5 of the Dungeon
  4407 | D:5      | Found Inwos' Armour Shop.
  4464 | D:5      | Found Crob's Jewellery Shop.
  4650 | D:5      | Found a blossoming altar of Fedhas.
  4663 | D:5      | Reached skill level 10 in Hexes
  4799 | D:5      | Reached XP level 8. HP: 52/52 MP: 10/17
  4912 | D:5      | Found a shattered altar of Ashenzari.
  5070 | D:5      | Found Smiwiumm's Jewellery Shoppe.
  5076 | D:5      | Bought a cursed +3 ring of dexterity for 161 gold pieces
  5263 | D:6      | Learned a level 2 spell: Sure Blade
  5307 | D:6      | Noticed Pikel
  5450 | D:6      | Killed Pikel
  5450 | D:6      | Reached skill level 11 in Hexes
  5516 | D:6      | Noticed Eustachio
  5666 | D:6      | Noticed Duvessa
  5667 | D:6      | Killed Eustachio
  5683 | D:6      | Noticed Dowan
  5688 | D:6      | Killed Duvessa
  5691 | D:6      | Killed Dowan
  5691 | D:6      | Reached skill level 12 in Hexes
  5816 | D:6      | Noticed Menkaure
  5830 | D:6      | Reached XP level 9. HP: 57/57 MP: 14/18
  5945 | D:6      | Killed Menkaure
  5945 | D:6      | Reached skill level 10 in Stealth
  6380 | D:7      | Slain by an ogre

Action                   |  1- 3 |  4- 6 |  7- 9 || total
-------------------------+-------+-------+-------++-------
Melee: Dagger            |   188 |    74 |   163 ||   425
 Cast: Corona            |     7 |       |     2 ||     9
       Confuse           |       |     9 |     7 ||    16
       Ensorcelled Hiber |       |       |    62 ||    62
       Invisibility      |       |       |     6 ||     6
Evoke: Wand              |       |     1 |     2 ||     3
  Use: Scroll            |    15 |     6 |     5 ||    26
       Potion            |     2 |     5 |     2 ||     9
 Stab: Sleeping          |     6 |     4 |    59 ||    69
       Invisible         |       |     8 |     1 ||     9
       Confused          |       |     4 |     6 ||    10
       Paralysed         |       |     2 |     1 ||     3
       Distracted        |       |     1 |       ||     1
